 Dungeon Crawl Stone Soup version 0.19.5 (webtiles) character file.

125 miragecloak the Changer (level 5, -1/33 HPs)
             Began as an Octopode Transmuter on May 4, 2017.
             Slain by an orc priest
             ... wielding a +1 whip of electrocution
              (4 damage)
             ... on level 3 of the Dungeon.
             The game lasted 00:02:19 (2916 turns).

miragecloak the Changer (Octopode Transmuter)       Turns: 2916, Time: 00:02:20

Health: -1/33      AC:  2    Str:  9    XL:     5   Next: 9%
Magic:  3/8        EV: 20    Int: 16    God:
Gold:   191        SH:  0    Dex: 18    Spells: 2 memorised, 4 levels left

rFire  . . .     SeeInvis .       - Unarmed
rCold  + . .     Gourm    .     (shield currently unavailable)
rNeg   . . .     Faith    .     (helmet currently unavailable)
rPois  x         Spirit   .     (no amulet)
rElec  .         Reflect  .     h - ring of protection from cold
rCorr  .         Harm     .     (no ring)
MR     .....                    (no ring)
Stlth  ++........               (no ring)
                                (no ring)
                                (no ring)
                                (no ring)
                                (no ring)

@: spider-form
A: almost no armour, stealthy swim, (amphibious), 8 rings, (constrict 8),
(camouflage 0), (gelatinous body 0)
a: End Transformation


You were on level 3 of the Dungeon.
You were near starving.
You were a venomous arachnid creature.
You visited 1 branch of the dungeon, and saw 3 of its levels.

You collected 191 gold pieces.

Inventory:

Missiles
 a - 86 arrows
Jewellery
 h - a ring of protection from cold (left front leg)
Scrolls
 d - 10 scrolls of identify {unknown}
 e - a scroll of recharging {unknown}
 f - 2 scrolls of blinking {unknown}
 g - a scroll of remove curse {unknown}
 j - a scroll of teleportation {unknown}
 m - 2 scrolls of enchant weapon {unknown}
 n - a scroll of noise {unknown}
 p - a scroll of enchant armour {unknown}
 q - a scroll of magic mapping {unknown}
Potions
 i - 2 potions of heal wounds
 l - a potion of lignification {unknown}
 o - a potion of flight {unknown}
 r - a potion of haste {unknown}
 s - 3 potions of magic {unknown}
Books
 b - a book of Changes

   Spells                             Type                      Level
   a - Beastly Appendage              Transmutation                1
   b - Sticks to Snakes               Transmutation                2
   c - Spider Form                    Transmutation/Poison         3
   d - Ice Form                       Ice/Transmutation            4
   e - Blade Hands                    Transmutation                5
Comestibles
 c - 2 bread rations
 k - 6 fruits


   Skills:
 - Level 1.0 Fighting
 - Level 2.0 Dodging
 + Level 3.1 Unarmed Combat
 - Level 2.0 Spellcasting
 - Level 4.0 Transmutations
 - Level 3.1 Poison Magic


You had 4 spell levels left.
You knew the following spells:

 Your Spells              Type           Power        Failure   Level  Hunger
a - Beastly Appendage     Tmut           ##....       14%         1    #......
b - Spider Form           Tmut/Pois      ##........   32%         3    ###....


Dungeon Overview and Level Annotations

Branches:
Dungeon (3/15)

Altars:


Innate Abilities, Weirdness & Mutations

You cannot wear most types of armour.
You are very stealthy in the water. (Stealth+)
((You are amphibious.))
You can wear up to eight rings at the same time.
((You can use your tentacles to constrict eight enemies at once.))
((Your skin changes colour to match your surroundings (Stealth+).))
((Your rubbery body absorbs attacks. (AC +1, EV +1)))


Message History

Items here: ))) [ ††† You hit the orc priest.
The orc priest is moderately wounded.
Your transformation has ended.
The orc priest barely misses you.
You tentacle-slap the orc priest. Your grab misses the orc priest.
The orc priest is heavily wounded.
The orc priest barely misses you.
You barely miss the orc priest. You grab the orc priest.
The orc priest is heavily wounded.
You constrict the orc priest. The orc priest closely misses you.
You tentacle-slap the orc priest but do no damage.
The orc priest is severely wounded.
You constrict the orc priest.
Casting: Spider Form
Confirm with . or Enter, or press ? or * to list all spells.
You turn into a venomous arachnid creature.
You lose your grip on the orc priest.
The orc priest hits you with a whip of electrocution.
You die... #.# #.# #.# oo.

#o# #o# #?###
#...
.).#########.#
#........so..#
#..#########.#
#.# #.# ####.#
#<...#
#.#####.####
## ........#
..
..####..#####
.#


You could see an orc priest.

Vanquished Creatures
  5 adders
  A gnoll (D:1)
  An ooze (D:1)
  4 dart slugs
  A leopard gecko (D:2)
  3 orcs (D:3)
  6 bats
  3 giant cockroaches
  2 goblins
  5 hobgoblins (D:1)
  4 jackals (D:2)
  10 kobolds
  6 frilled lizards
  7 rats
58 creatures vanquished.

Notes
Turn   | Place    | Note
-------+----------+-------------------------------------------
     0 | D:1      | miragecloak the Octopode Transmuter began the quest for the Orb.
     0 | D:1      | Reached XP level 1. HP: 13/13 MP: 3/3
   421 | D:1      | Reached XP level 2. HP: 17/18 MP: 3/5
   434 | D:1      | Reached skill level 3 in Transmutations
   687 | D:1      | Reached XP level 3. HP: 19/23 MP: 4/6
  1364 | D:2      | Reached skill level 4 in Transmutations
  1628 | D:2      | Learned a level 3 spell: Spider Form
  1659 | D:2      | Reached XP level 4. HP: 25/28 MP: 7/7
  1718 | D:2      | Reached skill level 1 in Poison Magic
  2615 | D:3      | Reached XP level 5. HP: 16/33 MP: 3/8
  2916 | D:3      | Slain by an orc priest

Skill      XL: |  1  2  3  4 |
---------------+-------------+-----
Transmutations | 3 4 |  4.0
Poison Magic   | 3 |  3.1
Fighting       | |  1.0
Dodging        | |  2.0
Unarmed Combat | |  3.1
Spellcasting   | |  2.0

Action                   |  1- 3 |  4- 6 || total
-------------------------+-------+-------++-------
Melee: Unarmed           |    71 |    65 ||   136
       Constrict         |    20 |     5 ||    25
       Tentacles         |    13 |     4 ||    17
       Kick              |    16 |     1 ||    17
       Punch             |       |     1 ||     1
 Cast: Beastly Appendage |    23 |     4 ||    27
       Spider Form       |       |    14 ||    14
  Use: Potion            |     2 |       ||     2
 Stab: Sleeping          |     5 |       ||     5
  Eat: Chunk             |     2 |     5 ||     7
Armor: Skin              |     2 |     3 ||     5
Dodge: Dodged            |    28 |    53 ||    81
